AoeStats
← Diegor

Arabia

509860906Analyzed
1v1 RM · 5d ago on Sep 28, 2026· 44m 44s· 2 players
Game mode
Random Map
Map size
Tiny (2 player)
Population
200
Speed
Normal
Resources
Standard
Victory
Conquest
Starting age
Dark Age
Ending age
Imperial Age
RankedLock teamsTeams togetherTeam positionsShared explorationLock speedFull tech treeHidden civsTurbo modeCheats
Victory
Defeat
🇦🇷 Aztecs · Argentina
650
+15
🇵🇪 Spanish · Peru
622
-15
Diegor
11:24 Feudal Age
14:05 Double-Bit Axe
15:32 Horse Collar
31:13 Castle Age
32:41 Scale Mail Armor
32:41 Padded Archer Armor
32:32 Fletching
34:13 Elite Skirmisher
36:25 Squires
37:31 Chain Mail Armor
39:04 Leather Archer Armor
38:45 Bodkin Arrow
39:04 Pikeman
Murdok
10:03 Feudal Age
12:59 Horse Collar
15:03 Double-Bit Axe
15:27 Man-at-Arms
21:06 Forging
20:57 Scale Mail Armor
21:35 Wheelbarrow
20:46 Town Watch
20:47 Loom
25:50 Castle Age
25:25 Fletching
25:36 Padded Archer Armor
26:29 Gambesons
26:04 Long Swordsman
27:33 Stone Mining
30:20 Stone Shaft Mining
33:18 Fervor
33:38 Heavy Plow
33:51 Bow Saw
36:33 Hand Cart
36:18 Town Patrol
36:09 Elite Skirmisher
38:09 Sanctity
39:58 Atlatl
40:17 Squires
40:04 Arson
42:42 Gold Mining
45:30 Imperial Age
43:34 Ballistics
Connection lost

Rejoining the realm…

Still unreachable

The connection could not be restored.

Session expired

The server has moved on; the page needs a fresh start.